 Dungeon Crawl Stone Soup version 0.28.0-53-g5a82cb258f (webtiles) character file.

Game seed: 3369616281529745093

1246 Revguard the Slasher (level 8, -3/61 HPs)
             Began as a Demonspawn Fighter on July 28, 2022.
             Was a Believer of Okawaru.
             Slain by an ogre
             ... wielding a +0 giant club
              (17 damage)
             ... on level 6 of the Dungeon.
             The game lasted 00:09:46 (5546 turns).

Revguard the Slasher (Demonspawn Fighter)           Turns: 5546, Time: 00:09:47

Health: -3/61      AC: 19    Str: 19    XL:     8   Next: 25%
Magic:  11/11      EV: 10    Int:  9    God:    Okawaru [**....]
Gold:   264        SH:  5    Dex: 13    Spells: 7/7 levels left

rFire   . . .      SeeInvis .   a - +0 long sword
rCold   . . .      Faith    .   c - +0 buckler
rNeg    + . .      Spirit   .   b - +0 scale mail
rPois   .          Reflect  .   l - +0 helmet
rElec   .          Harm     .   (no cloak)
rCorr   .          Rampage  .   f - +0 pair of gloves
Will    .....                   h - +0 pair of boots
Stlth   ..........              (no amulet)
HPRegen 0.20/turn               e - ring of positive energy
MPRegen 0.12/turn               (no ring)

@: sanguine armoured, studying Long Blades
A: (demonic guardian 1), powered by death 2, sanguine armour 2
a: Renounce Religion, Heroism


You were on level 6 of the Dungeon.
You worshipped Okawaru.
Okawaru was pleased with you.
You visited 2 branches of the dungeon, and saw 7 of its levels.

You collected 264 gold pieces.

Inventory:

Hand Weapons
 a - a +0 long sword (weapon)
Armour
 b - a +0 scale mail (worn)
 c - a +0 buckler (worn)
 f - a +0 pair of gloves (worn)
 h - a +0 pair of boots (worn)
 l - a +0 helmet (worn)
Jewellery
 e - a ring of positive energy (left hand)
Wands
 i - a wand of acid (3)
 o - a wand of paralysis (11)
Scrolls
 j - a scroll of fear
 p - a scroll of amnesia
Potions
 d - a potion of might
 g - 2 potions of magic
 k - a potion of resistance
 m - a potion of brilliance
 n - a potion of curing {unknown}


   Skills:
 + Level 4.5 Fighting
 * Level 5.8 Long Blades
 + Level 4.0 Armour
 + Level 2.6 Dodging
 * Level 4.6 Shields
 + Level 4.0 Invocations
 + Level 3.0 Evocations


You had 7 spell levels left.
You didn't know any spells.
Your spell library contained the following spells:

 Spells                   Type           Power      Damage    Failure   Level
 Sublimation of Blood     Necr           0%         N/A       93%         2
 Wereblood                Tmut           0%         N/A       93%         2
 Portal Projectile        Hex/Tloc       0%         N/A       99%         3
 Blade Hands              Tmut           0%         N/A       100%        5
 Excruciating Wounds      Necr           0%         N/A       100%        5
 Summon Hydra             Summ           Unusable   N/A       N/A         7

Dungeon Overview and Level Annotations

Branches:
Dungeon (6/15)             Temple (1/1) D:4

Altars:
Ashenzari
Dithmenos
Elyvilon
Fedhas
Gozag
Hepliaklqana
Kikubaaqudgha
Nemelex Xobeh
Okawaru
Qazlal
Sif Muna
Uskayaw
Wu Jian
Yredelemnul
Zin
The Shining One


Innate Abilities, Weirdness & Mutations

((A weak demonic guardian rushes to your aid.))
You regenerate health from kills.
When seriously injured, your blood forms thick armour. (AC +9)


Message History

Found a metallic cyan potion.
There is a stone staircase leading up here.
n - a metallic cyan potion A bullfrog zombie comes into view.
A bullfrog zombie is nearby!
The bullfrog zombie closely misses you. You block the bullfrog zombie's attack.
You slash the bullfrog zombie!
The bullfrog zombie is moderately damaged.
You block the bullfrog zombie's attack.
You hit the bullfrog zombie.
The bullfrog zombie is heavily damaged.
The bullfrog zombie hits you. You block the bullfrog zombie's attack.
You hit the bullfrog zombie.
The bullfrog zombie is heavily damaged.
The bullfrog zombie barely misses you.
You barely miss the bullfrog zombie.
The bullfrog zombie is heavily damaged.
The bullfrog zombie hits you but does no damage.
You slash the bullfrog zombie!
The bullfrog zombie is severely damaged.
You block the bullfrog zombie's attack. x2
You barely miss the bullfrog zombie.
The bullfrog zombie is severely damaged.
The bullfrog zombie hits you but does no damage.
The bullfrog zombie hits you.
You slash the bullfrog zombie!
You destroy the bullfrog zombie!
Okawaru accepts your kill.
HP restored.
An ogre comes into view. It is wielding a +0 giant club.
The ogre hits you with a +0 giant club!!
You hit the ogre.
The ogre is lightly wounded.
The ogre hits you with a +0 giant club!!
* * * LOW HITPOINT WARNING * * *
Your blood congeals into armour.
You slash the ogre!
The ogre is moderately wounded.
The ogre hits you with a +0 giant club!
You die...

.. .# ##### .. ###.#..
#. ###...##.##
#.###...#..#..#
#.#...####.##O## .
#...###.....#@.# #..
##.##....##.##.####...#
#..#..#. #..#..#...#
##.##.. ##.##...#
#..#.. #.....###
##.####...#####
#..#...## ##...#######
#.###.....#


You could see an ogre.

Vanquished Creatures
  2 steam dragons (D:5)
  A water moccasin (D:5)
  2 ice beasts (D:5)
  A necrophage (D:5)
  An ogre (D:5)
  2 scorpions
  A bullfrog zombie (D:6)
  2 jellies
  An iguana (D:5)
  Natasha (twice) (D:2)
  3 orc wizards
  Robin (D:4)
  3 adders
  A shadow imp (D:5)
  A white imp (D:3)
  An ufetubus (D:4)
  A worm (D:3)
  A dart slug (D:3)
  4 orcs
  9 ball pythons
  7 bats
  4 endoplasms
  3 giant cockroaches
  9 hobgoblins
  4 jackals (D:3)
  7 kobolds
  2 quokkas
  4 frilled lizards
  14 goblins
  A rat (D:3)
95 creatures vanquished.

Vanquished Creatures (collateral kills)
  A quokka (D:3)
1 creature vanquished.

Vanquished Creatures (others)
  Natasha (D:2)
  8 fungi (D:5)
9 creatures vanquished.

Grand Total: 105 creatures vanquished

Notes
Turn   | Place    | Note
-------+----------+-------------------------------------------
     0 | D:1      | Revguard the Demonspawn Fighter began the quest for the
                  | Orb.
     0 | D:1      | Reached XP level 1. HP: 18/18 MP: 1/1
   295 | D:1      | Reached skill level 2 in Long Blades
   390 | D:1      | Gained mutation: A weak demonic guardian rushes to your
                  | aid. [demonic ancestry]
   390 | D:1      | Reached XP level 2. HP: 12/24 MP: 2/2
   681 | D:1      | Found a faded altar of an unknown god.
  1627 | D:2      | Noticed Natasha
  1633 | D:2      | Killed Natasha
  1634 | D:2      | Reached skill level 1 in Invocations
  1634 | D:2      | Reached skill level 1 in Evocations
  1634 | D:2      | Gained mutation: When seriously injured, your blood forms
                  | armour. (AC +9) [demonic ancestry]
  1634 | D:2      | Reached XP level 3. HP: 21/29 MP: 3/3
  1785 | D:2      | Noticed Natasha
  1789 | D:2      | Killed Natasha
  1790 | D:2      | Gained mutation: You regenerate a little health from kills.
                  | [demonic ancestry]
  1790 | D:2      | Reached XP level 4. HP: 33/35 MP: 4/4
  1826 | D:2      | Noticed Natasha
  1834 | D:2      | Killed Natasha
  2062 | D:3      | Reached skill level 1 in Dodging
  2629 | D:3      | Reached skill level 3 in Long Blades
  2669 | D:3      | Gained mutation: You regenerate health from kills. [demonic
                  | ancestry]
  2669 | D:3      | Reached XP level 5. HP: 41/41 MP: 6/6
  3300 | D:4      | Found a staircase to the Ecumenical Temple.
  3309 | Temple   | Entered the Ecumenical Temple
  3484 | Temple   | Became a worshipper of Warmaster Okawaru
  3624 | D:4      | Reached XP level 6. HP: 31/48 MP: 7/7
  3682 | D:4      | Noticed Robin
  3742 | D:4      | Killed Robin
  3822 | D:4      | Found a blossoming altar of Fedhas.
  4066 | D:4      | Found a shimmering blue altar of Sif Muna.
  4132 | D:4      | Identified a scroll of acquirement
  4133 | D:4      | Acquired a manual of Long Blades
  4150 | D:5      | Entered Level 5 of the Dungeon
  4366 | D:5      | Reached skill level 4 in Long Blades
  4573 | D:5      | Noticed a water moccasin
  4583 | D:5      | Killed a water moccasin
  4583 | D:5      | Reached * piety under Okawaru
  4584 | D:5      | Gained mutation: When seriously injured, your blood forms
                  | thick armour. (AC +9) [demonic ancestry]
  4584 | D:5      | Reached XP level 7. HP: 34/54 MP: 9/9
  5042 | D:5      | Reached skill level 5 in Long Blades
  5251 | D:5      | Noticed a steam dragon
  5252 | D:5      | Noticed a steam dragon
  5261 | D:5      | Killed a steam dragon
  5261 | D:5      | Reached ** piety under Okawaru
  5262 | D:5      | Reached XP level 8. HP: 24/61 MP: 10/10
  5546 | D:6      | Slain by an ogre

Illustrated notes

Levels and vault maps discovered:
D:1:      giann_bridges, layout_basic, nicolae_ecumenical_lake_church,
          hangedman_decor_slide_cut
D:2:      layout_basic, uniq_natasha
D:3:      layout_loops_corners
D:4:      layout_rooms, lemuel_tele_altar, led_sif_pool,
          minmay_temple_entry_statues, uniq_robin
D:5:      kennysheep_steamy, layout_cave_pools, minmay_misc_feat_tiny,
          minmay_crossroads
D:6:      minmay_skewed_foursquare, layout_basic, serial_shops, shop_fountains
Temple:   eino_narrow_crystal_temple

Skill      XL: |  1  2  3  4  5  6  7  8 |
---------------+-------------------------+-----
Long Blades    | 2 3 4 5 |  5.8
Invocations    | 1 2 3 4 |  4.0
Evocations     | 1 2 3 |  3.0
Shields        | 3 4 |  4.6
Armour         | 3 4 |  4.0
Dodging        | 1 2 |  2.6
Fighting       | 4 |  4.5

Action                   |  1- 3 |  4- 6 |  7- 9 || total
-------------------------+-------+-------+-------++-------
Melee: Long sword        |    69 |   266 |    47 ||   382
Evoke: Wand              |       |     1 |     5 ||     6
  Use: Scroll            |       |     8 |     1 ||     9
       Potion            |       |     1 |       ||     1
Armor: Scale mail        |    27 |   154 |    31 ||   212
Dodge: Dodged            |    41 |   119 |    11 ||   171
Block: Buckler           |    12 |    70 |    13 ||    95
